FSL
LAKELAND FLYING TIGERS @ BRADENTON MARAUDERS
07/03/2099
 
TOP OF THE 1ST
Lakeland Flying Tigers batting - Pitching for Bradenton Marauders : RHP Bill Murray
Pitching: RHP Bill Murray
Batting: RHB Quincy Behan 0-0: Ball
1-0: Swinging Strike
1-1: Called Strike
1-2: Foul Ball, location: 7LMF
1-2: Strikes out swinging
Batting: LHB Ron Devers 0-0: Called Strike
0-1: Foul Ball, location: 2F
0-2: Ball
1-2: TRIPLE (Line Drive, 78XD, EV 97.5 MPH)
Batting: RHB Adam Anderson 0-0: Ball
1-0: Ball
2-0: Fly out, F8 (Flyball, 8RS, EV 83.8 MPH)
Batting: LHB Steve Diamond 0-0: Called Strike
0-1: Ball
1-1: Ball
2-1: Foul Ball, location: 5DF
2-2: Foul Ball, location: 3DF
2-2: Strikes out swinging
Top of the 1st over - 0 runs, 1 hit, 0 errors, 1 left on base; Lakeland 0 - Bradenton 0
BOTTOM OF THE 1ST
Bradenton Marauders batting - Pitching for Lakeland Flying Tigers : RHP Ryan Cobb
Pitching: RHP Ryan Cobb
Batting: RHB Luis Pena 0-0: Called Strike
0-1: Ball
1-1: Fly out, F8 (Flyball, 8LD, EV 108.1 MPH)
Batting: RHB Matt Stuart 0-0: Fly out, F2 (Popup, 23F, EV 91.9 MPH)
Batting: RHB Sean Malone 0-0: Ball
1-0: SINGLE (Groundball, 6MD, EV 107.5 MPH)
Batting: RHB Mike Sanderson 0-0: Called Strike
0-1: Foul Ball, location: 7LSF
0-2: Fielders Choice at 2nd, 6-4 (Groundball, 6, EV 86.9 MPH)
Bottom of the 1st over - 0 runs, 1 hit, 0 errors, 1 left on base; Lakeland 0 - Bradenton 0
TOP OF THE 2ND
Lakeland Flying Tigers batting - Pitching for Bradenton Marauders : RHP Bill Murray
Batting: LHB Mike Giordano 0-0: Ball
1-0: Fly out, F9 (Flyball, 9LM, EV 100.0 MPH)
Batting: SHB Casey Jones 0-0: Called Strike
0-1: Ball
1-1: Ground out 4-3 (Groundball, 4, EV 110.6 MPH)
Batting: LHB Ted Oetken 0-0: Called Strike
0-1: Fly out, F9 (Flyball, 89M, EV 91.9 MPH)
Top of the 2nd over - 0 runs, 0 hits, 0 errors, 0 left on base; Lakeland 0 - Bradenton 0
BOTTOM OF THE 2ND
Bradenton Marauders batting - Pitching for Lakeland Flying Tigers : RHP Ryan Cobb
Batting: SHB Jimmy Lucas 0-0: Called Strike
0-1: Ground out 5-3 (Groundball, 56, EV 85.0 MPH)
Batting: RHB Mike Clinton 0-0: SINGLE (Line Drive, 78M, EV 106.3 MPH)
Batting: RHB Jim Arnold 0-0: Ball
Mike Clinton steals 2nd base
1-0: Called Strike
1-1: Ball
2-1: Swinging Strike
2-2: Strikes out swinging
Batting: LHB Tyler Kincaid 0-0: Called Strike
0-1: Fly out, F8 (Flyball, 8RS, EV 87.5 MPH)
Bottom of the 2nd over - 0 runs, 1 hit, 0 errors, 1 left on base; Lakeland 0 - Bradenton 0
TOP OF THE 3RD
Lakeland Flying Tigers batting - Pitching for Bradenton Marauders : RHP Bill Murray
Batting: LHB Alex Pacheco 0-0: Foul Ball, location: 3F
0-1: Ball
1-1: Ball
2-1: Ball
3-1: Foul Ball, location: 7LMF
3-2: Base on Balls
Batting: RHB Greg Cullison 0-0: Sac Bunt to 15S - play at first, batter OUT! 1-3
Alex Pacheco to second
Batting: RHB Quincy Behan 0-0: Ball
1-0: Called Strike
1-1: Foul Ball, location: 2F
1-2: Ball
2-2: Ball
3-2: Fly out, F8 (Flyball, 78M, EV 92.5 MPH)
Batting: LHB Ron Devers 0-0: Ball
1-0: Called Strike
1-1: Foul Ball, location: 2F
1-2: Ball
2-2: Ground out U3 (Groundball, 3S, EV 91.3 MPH)
Top of the 3rd over - 0 runs, 0 hits, 0 errors, 1 left on base; Lakeland 0 - Bradenton 0
BOTTOM OF THE 3RD
Bradenton Marauders batting - Pitching for Lakeland Flying Tigers : RHP Ryan Cobb
Batting: RHB Justin Anselmi 0-0: Foul Ball, location: 5FF
0-1: Foul Ball, location: 2F
0-2: Ball
1-2: Ground out 6-3 (Groundball, 6M, EV 82.5 MPH)
Batting: RHB Luis Pena 0-0: Ball
1-0: Ball
2-0: Foul Ball, location: 2F
2-1: Ground out 4-3 (Groundball, 4S, EV 73.1 MPH)
Batting: RHB Matt Stuart 0-0: Called Strike
0-1: Foul Ball, location: 2F
0-2: Foul Ball, location: 9LSF
0-2: Ball
1-2: Strikes out looking
Bottom of the 3rd over - 0 runs, 0 hits, 0 errors, 0 left on base; Lakeland 0 - Bradenton 0
TOP OF THE 4TH
Lakeland Flying Tigers batting - Pitching for Bradenton Marauders : RHP Bill Murray
Batting: RHB Adam Anderson 0-0: Ball
1-0: Fly out, F6 (Popup, 6M, EV 55.0 MPH)
Batting: LHB Steve Diamond 0-0: Called Strike
0-1: Swinging Strike
0-2: Ball
1-2: Ball
2-2: Strikes out swinging
Batting: LHB Mike Giordano 0-0: Called Strike
0-1: Ground out 4-3 (Groundball, 4, EV 101.9 MPH)
Top of the 4th over - 0 runs, 0 hits, 0 errors, 0 left on base; Lakeland 0 - Bradenton 0
BOTTOM OF THE 4TH
Bradenton Marauders batting - Pitching for Lakeland Flying Tigers : RHP Ryan Cobb
Batting: RHB Sean Malone 0-0: Ball
1-0: Ball
2-0: Called Strike
2-1: SINGLE (Flyball, 89S, EV 90.0 MPH)
Batting: RHB Mike Sanderson 0-0: Ball
Sean Malone steals 2nd base
1-0: Ball
2-0: Ball
3-0: Base on Balls
Batting: SHB Jimmy Lucas 0-0: Ball
1-0: SINGLE (Groundball, 34D, EV 107.5 MPH)
Sean Malone to third
Mike Sanderson to second
Runner from 3rd tries for Home, SAFE, throw by RF to home
Batting: RHB Mike Clinton 0-0: Fly out, F7 (Flyball, 7, EV 93.1 MPH)
Batting: RHB Jim Arnold 0-0: Foul Ball, location: 2LF
0-1: Fielders Choice at 2nd, 6-4 (Groundball, 6, EV 106.9 MPH)
Mike Sanderson to third
Batting: LHB Tyler Kincaid 0-0: Ball
1-0: Fly out, F8 (Flyball, 8RD, EV 98.1 MPH)
Bottom of the 4th over - 1 run, 2 hits, 0 errors, 2 left on base; Lakeland 0 - Bradenton 1
TOP OF THE 5TH
Lakeland Flying Tigers batting - Pitching for Bradenton Marauders : RHP Bill Murray
Batting: SHB Casey Jones 0-0: Ground out 4-3 (Groundball, 4, EV 86.3 MPH)
Batting: LHB Ted Oetken 0-0: Ball
1-0: Called Strike
1-1: Ball
2-1: SINGLE (Groundball, 56D, EV 103.8 MPH)
Batting: LHB Alex Pacheco 0-0: Foul Ball, location: 7LDF
0-1: Ball
1-1: Swinging Strike
1-2: Fly out, F8 (Line Drive, 8LM, EV 90.0 MPH)
Batting: RHB Greg Cullison 0-0: SINGLE (Groundball, P, EV 86.3 MPH) (infield hit)
Ted Oetken to second
Batting: RHB Quincy Behan 0-0: Ball
1-0: Ball
2-0: Called Strike
2-1: Ground out 5-3 (Groundball, 56S, EV 75.0 MPH)
Top of the 5th over - 0 runs, 2 hits, 0 errors, 2 left on base; Lakeland 0 - Bradenton 1
BOTTOM OF THE 5TH
Bradenton Marauders batting - Pitching for Lakeland Flying Tigers : RHP Ryan Cobb
Batting: RHB Justin Anselmi 0-0: Swinging Strike
0-1: Ball
1-1: Ball
2-1: Ball
3-1: Foul Ball, location: 7LSF
3-2: Strikes out looking and he ARGUES THE CALL AND IS TOSSED!
Batting: RHB Luis Pena 0-0: Ball
1-0: Called Strike
1-1: Ball
2-1: Ball
3-1: Fly out, F3 (Line Drive, 3L, EV 66.9 MPH)
Batting: RHB Matt Stuart 0-0: Called Strike
0-1: Foul Ball, location: 9LSF
0-2: SINGLE (Groundball, 6MD, EV 98.8 MPH)
Batting: RHB Sean Malone 0-0: Ball
1-0: Ball
2-0: Foul Ball, location: 9LSF
2-1: Foul Ball, location: 9LSF
2-2: Foul Ball, location: 2F
2-2: SINGLE (Line Drive, 9S, EV 97.5 MPH)
Matt Stuart to second
Batting: RHB Mike Sanderson 0-0: Ball
1-0: Ground out 3-1 (Groundball, 34, EV 101.3 MPH)
Bottom of the 5th over - 0 runs, 2 hits, 0 errors, 2 left on base; Lakeland 0 - Bradenton 1
TOP OF THE 6TH
Lakeland Flying Tigers batting - Pitching for Bradenton Marauders : RHP Bill Murray
Pitching: LHP Victor Reyes
Now in RF: Noel Jacobs
Pinch Hitting: RHB Alex Sanchez 0-0: DOUBLE (Line Drive, 89D, EV 102.5 MPH)
Batting: RHB Adam Anderson 0-0: Ball
1-0: Ball
2-0: Ball
3-0: Called Strike
3-1: Base on Balls
Batting: LHB Steve Diamond 0-0: Swinging Strike
0-1: Swinging Strike
0-2: Strikes out swinging
Pinch Hitting: RHB Fulvio Sartoretti 0-0: Swinging Strike
0-1: Swinging Strike
0-2: Ball
1-2: Ball
2-2: SINGLE (Line Drive, 9S, EV 104.4 MPH)
Alex Sanchez to third
Adam Anderson to second
Batting: SHB Casey Jones 0-0: SINGLE (Groundball, P, EV 85.6 MPH) (infield hit)
Alex Sanchez scores
Adam Anderson to third
Fulvio Sartoretti to second
Pinch Hitting: RHB Jay Burdis 0-0: Foul Ball, location: 2F
0-1: Grounds into fielders choice 5-2 (Groundball, 5S, EV 61.3 MPH)
Fulvio Sartoretti to third
Casey Jones to second
Pinch Hitting: RHB Brett McFarren 0-0: Ball
1-0: Fly out, F4 (Line Drive, 4, EV 69.4 MPH)
Top of the 6th over - 1 run, 3 hits, 0 errors, 3 left on base; Lakeland 1 - Bradenton 1
BOTTOM OF THE 6TH
Bradenton Marauders batting - Pitching for Lakeland Flying Tigers : RHP Ryan Cobb
Now at 1B: Nick Hartel
Now at 2B: Casey Jones
Now at SS: Jay Burdis
Now in LF: Rich Armentrout
Now in CF: Christian Salazar
Now in RF: Adam Anderson
Batting: SHB Jimmy Lucas 0-0: Ball
1-0: Swinging Strike
1-1: Hit by Pitch
Batting: RHB Mike Clinton 0-0: Ball
1-0: Called Strike
1-1: Ball
2-1: Fielders Choice at 2nd, 1-6 (Groundball, 34S, EV 67.5 MPH)
Batting: RHB Jim Arnold 0-0: Called Strike
0-1: Ball
1-1: Fielders Choice at 2nd, 6-4 (Groundball, 6, EV 108.1 MPH)
Batting: LHB Tyler Kincaid 0-0: Ball
1-0: Ball
2-0: Called Strike
2-1: Ball
3-1: Base on Balls
Jim Arnold to second
Batting: RHB Noel Jacobs 0-0: Ball
1-0: Called Strike
1-1: Ground out 2-3 (Groundball, 2R, EV 68.8 MPH)
Bottom of the 6th over - 0 runs, 0 hits, 0 errors, 2 left on base; Lakeland 1 - Bradenton 1
TOP OF THE 7TH
Lakeland Flying Tigers batting - Pitching for Bradenton Marauders : LHP Victor Reyes
Batting: RHB Greg Cullison 0-0: Called Strike
0-1: Ball
1-1: Swinging Strike
1-2: Strikes out looking
Batting: RHB Quincy Behan 0-0: Ball
1-0: Called Strike
1-1: Foul Ball, location: 2F
1-2: Ball
2-2: Ball
3-2: Ground out U3 (Groundball, 3, EV 89.4 MPH)
Batting: RHB Rich Armentrout 0-0: Ball
1-0: Called Strike
1-1: Ball
2-1: Ball
3-1: Foul Ball, location: 25FF
3-2: Strikes out swinging
Top of the 7th over - 0 runs, 0 hits, 0 errors, 0 left on base; Lakeland 1 - Bradenton 1
BOTTOM OF THE 7TH
Bradenton Marauders batting - Pitching for Lakeland Flying Tigers : RHP Ryan Cobb
Batting: RHB Luis Pena 0-0: Fly out, F6 (Popup, 6, EV 63.1 MPH)
Batting: RHB Matt Stuart 0-0: Fly out, F8 (Flyball, 78D, EV 90.6 MPH)
Batting: RHB Sean Malone 0-0: Ball
1-0: Fly out, F9 (Flyball, 9S, EV 77.5 MPH)
Bottom of the 7th over - 0 runs, 0 hits, 0 errors, 0 left on base; Lakeland 1 - Bradenton 1
TOP OF THE 8TH
Lakeland Flying Tigers batting - Pitching for Bradenton Marauders : LHP Victor Reyes
Pitching: RHP Elias Pastrana
Batting: RHB Adam Anderson 0-0: Foul Ball, location: 2F
0-1: Ball
1-1: DOUBLE (Flyball, 78XD, EV 100.0 MPH)
Batting: LHB Steve Diamond 0-0: Intentional Walk
Batting: SHB Christian Salazar 0-0: Swinging Strike
0-1: Ball
1-1: Swinging Strike
1-2: Grounds into double play, 4-6-3 (Groundball, 4, EV 84.4 MPH)
Adam Anderson to third
Batting: SHB Casey Jones 0-0: Called Strike
0-1: Ball
1-1: Fly out, F9 (Flyball, 9D, EV 101.3 MPH)
Top of the 8th over - 0 runs, 1 hit, 0 errors, 1 left on base; Lakeland 1 - Bradenton 1
BOTTOM OF THE 8TH
Bradenton Marauders batting - Pitching for Lakeland Flying Tigers : RHP Ryan Cobb
Pitching: RHP Brandon Hansen
Batting: RHB Mike Sanderson 0-0: SINGLE (Line Drive, 7S, EV 95.6 MPH)
Batting: SHB Jimmy Lucas 0-0: Swinging Strike
0-1: Ball
1-1: Called Strike
1-2: Strikes out swinging
Batting: RHB Mike Clinton 0-0: Called Strike
0-1: Ball
1-1: Foul Ball, location: 2F
1-2: Ball
2-2: Foul Ball, location: 23F
2-2: Strikes out looking
Batting: RHB Jim Arnold 0-0: Foul Ball, location: 3DF
0-1: Foul Ball, location: 2F
0-2: Foul Ball, location: 2F
0-2: SINGLE (Line Drive, 89S, EV 103.1 MPH)
Mike Sanderson to second
Batting: LHB Tyler Kincaid 0-0: Ball
1-0: Called Strike
1-1: Ball
2-1: Ball
3-1: Called Strike
3-2: Strikes out swinging
Bottom of the 8th over - 0 runs, 2 hits, 0 errors, 2 left on base; Lakeland 1 - Bradenton 1
TOP OF THE 9TH
Lakeland Flying Tigers batting - Pitching for Bradenton Marauders : RHP Elias Pastrana
Batting: RHB Jay Burdis 0-0: Ball
1-0: Called Strike
1-1: Ball
2-1: Fly out, F3 (Popup, 34S, EV 82.5 MPH)
Pinch Hitting: SHB Victor Costales 0-0: Ball
1-0: Ground out 4-3 (Groundball, 4D, EV 106.9 MPH)
Pinch Hitting: RHB Willie Valdez 0-0: Ball
1-0: SINGLE (Groundball, 4MD, EV 108.1 MPH)
Batting: RHB Quincy Behan 0-0: Called Strike
0-1: Called Strike
0-2: Ball
1-2: Fielders Choice at 2nd, 6-4 (Groundball, 6, EV 103.1 MPH)
Top of the 9th over - 0 runs, 1 hit, 0 errors, 1 left on base; Lakeland 1 - Bradenton 1
BOTTOM OF THE 9TH
Bradenton Marauders batting - Pitching for Lakeland Flying Tigers : RHP Brandon Hansen
Now at C: Victor Costales
Now at 1B: Willie Valdez
Batting: RHB Noel Jacobs 0-0: Foul Ball, location: 2F
0-1: Ground out 4-3 (Groundball, 4, EV 95.6 MPH)
Batting: RHB Luis Pena 0-0: Ball
1-0: Ground out 6-3 (Groundball, 6, EV 83.8 MPH)
Batting: RHB Matt Stuart 0-0: Ball
1-0: Fly out, F3 (Popup, 3L, EV 79.4 MPH)
Bottom of the 9th over - 0 runs, 0 hits, 0 errors, 0 left on base; Lakeland 1 - Bradenton 1
TOP OF THE 10TH
Lakeland Flying Tigers batting - Pitching for Bradenton Marauders : RHP Elias Pastrana
Quincy Behan starts the inning at 2nd base.
Batting: RHB Rich Armentrout 0-0: Intentional Walk
Batting: RHB Adam Anderson 0-0: Grounds into double play, 6-4-3 (Groundball, 6, EV 105.0 MPH)
Quincy Behan to third
Batting: LHB Steve Diamond 0-0: Intentional Walk
Batting: SHB Christian Salazar 0-0: Ball
1-0: Swinging Strike
1-1: Ball
2-1: Called Strike
2-2: Foul Ball, location: 3FF
2-2: Foul Ball, location: 9LDF
2-2: Strikes out looking
Top of the 10th over - 0 runs, 0 hits, 0 errors, 2 left on base; Lakeland 1 - Bradenton 1
BOTTOM OF THE 10TH
Bradenton Marauders batting - Pitching for Lakeland Flying Tigers : RHP Brandon Hansen
Matt Stuart starts the inning at 2nd base.
Pitching: RHP Carlos Burgos
Batting: RHB Sean Malone 0-0: Ball
1-0: Foul Ball, location: 2F
1-1: Called Strike
1-2: Strikes out looking
Batting: RHB Mike Sanderson 0-0: Fly out, F9 (Flyball, 9, EV 96.9 MPH)
Runner from 2nd tags up, SAFE at 3rd with throw by RF
Batting: SHB Jimmy Lucas 0-0: Called Strike
0-1: Ground out U3 (Groundball, 3, EV 96.3 MPH)
Bottom of the 10th over - 0 runs, 0 hits, 0 errors, 1 left on base; Lakeland 1 - Bradenton 1
TOP OF THE 11TH
Lakeland Flying Tigers batting - Pitching for Bradenton Marauders : RHP Elias Pastrana
Christian Salazar starts the inning at 2nd base.
Pitching: LHP Nate Lott
Batting: SHB Casey Jones 0-0: DOUBLE (Line Drive, 8RXD, EV 108.8 MPH)
Christian Salazar scores
Batting: RHB Jay Burdis 0-0: Swinging Strike
0-1: Fly out, F8 (Flyball, 78M, EV 93.8 MPH)
Batting: SHB Victor Costales 0-0: Called Strike
0-1: Ball
1-1: Ball
2-1: Foul Ball, location: 2F
2-2: Ball
3-2: DOUBLE (Line Drive, 89XD, EV 108.8 MPH)
Casey Jones scores
Batting: RHB Willie Valdez 0-0: Ball
1-0: Foul Ball, location: 2RF
1-1: Ball
2-1: Foul Ball, location: 25F
2-2: Strikes out looking
Batting: RHB Quincy Behan 0-0: Ball
1-0: Called Strike
1-1: Swinging Strike
1-2: Ball
2-2: Foul Ball, location: 2F
2-2: Ball
3-2: Foul Ball, location: 3SF
3-2: TRIPLE (Line Drive, 89XD, EV 105.6 MPH)
Victor Costales scores
Batting: RHB Rich Armentrout 0-0: Swinging Strike
0-1: Swinging Strike
0-2: Ball
1-2: SINGLE (Line Drive, 6D, EV 95.0 MPH)
Quincy Behan scores
Pitching: LHP Eduardo Nieves
Batting: RHB Adam Anderson 0-0: Ball
1-0: SINGLE (Groundball, 6M, EV 103.8 MPH)
Rich Armentrout to second
Batting: LHB Steve Diamond 0-0: Ball
1-0: Ball
2-0: Foul Ball, location: 2F
2-1: SINGLE (Flyball, 9S, EV 98.1 MPH)
Rich Armentrout to third
Adam Anderson to second
Batting: SHB Christian Salazar 0-0: Swinging Strike
0-1: Ball
1-1: Ball
2-1: Ball
3-1: Foul Ball, location: 3FF
3-2: Base on Balls
Rich Armentrout scores
Adam Anderson to third
Steve Diamond to second
Batting: SHB Casey Jones 0-0: SINGLE (Groundball, 56D, EV 97.5 MPH)
Adam Anderson scores
Steve Diamond to third
Christian Salazar to second
Runner from 3rd tries for Home, SAFE, throw by LF to home
Batting: RHB Jay Burdis 0-0: Ball
1-0: Called Strike
1-1: Ball
2-1: Ball
3-1: 3-RUN HOME RUN (Flyball, 7LD, EV 92.5 MPH), Distance : 334 ft
Pitching: RHP Ivan Guardado
Batting: SHB Victor Costales 0-0: Swinging Strike
0-1: Ground out 2-3 (Groundball, 2R, EV 75.6 MPH)
Top of the 11th over - 10 runs, 8 hits, 0 errors, 0 left on base; Lakeland 11 - Bradenton 1
BOTTOM OF THE 11TH
Bradenton Marauders batting - Pitching for Lakeland Flying Tigers : RHP Carlos Burgos
Jimmy Lucas starts the inning at 2nd base.
Batting: RHB Mike Clinton 0-0: Called Strike
0-1: Ball
1-1: Swinging Strike
1-2: Strikes out swinging
Pinch Hitting: RHB Alejandro Fernandez 0-0: Ball
1-0: Ground out 4-3 (Groundball, 4, EV 83.8 MPH)
Jimmy Lucas to third
Pinch Hitting: RHB John Sexton 0-0: Called Strike
0-1: Swinging Strike
0-2: Strikes out looking
Bottom of the 11th over - 0 runs, 0 hits, 0 errors, 1 left on base; Lakeland 11 - Bradenton 1
Friday, May 10th , 2024 - OOTP Baseball 24.11 Build 85